 Dungeon Crawl Stone Soup version 0.29-a0-872-g797fff5ad1 (webtiles) character file.

Game seed: 4023878149313885964

4 mcwallace the Chiller (level 1, 0/13 HPs)
             Began as a Gnoll Ice Elementalist on July 19, 2022.
             Slain by a goblin
             ... wielding a +0 dagger
              (2 damage)
             ... on level 1 of the Dungeon.
             The game lasted 00:00:35 (95 turns).

mcwallace the Chiller (Gnoll Ice Elementalist)        Turns: 95, Time: 00:00:36

Health: 0/13       AC:  2    Str:  7    XL:     1   Next: 60%
Magic:  6/6        EV: 13    Int: 14    God:
Gold:   19         SH:  0    Dex: 12    Spells: 8/9 levels left

rFire   . . .      SeeInvis .   e - +0 sling
rCold   . . .      Faith    .   (no shield)
rNeg    . . .      Spirit   .   a - +0 robe
rPois   .          Reflect  .   (no helmet)
rElec   .          Harm     .   (no cloak)
rCorr   .          Rampage  .   (no gloves)
Will    .....                   (no boots)
Stlth   ++........              (no amulet)
HPRegen 0.04/turn               (no ring)
MPRegen 0.10/turn               (no ring)

@: no status effects
A: fangs 1, strong nose, distributed training
a: no special abilities


You were on level 1 of the Dungeon.
You visited 1 branch of the dungeon, and saw 1 of its levels.

You collected 19 gold pieces.


Innate Abilities, Weirdness & Mutations

You have very sharp teeth.
Your uncanny sense of smell can sniff out nearby items.
Your experience applies equally to all skills.


   Skills:
 + Level 0.1 Fighting
 + Level 0.1 Short Blades
 + Level 0.1 Long Blades
 + Level 0.1 Axes
 + Level 0.1 Maces & Flails
 + Level 0.1 Polearms
 + Level 0.1 Staves
 + Level 0.1 Ranged Weapons
 + Level 0.1 Throwing
 + Level 0.1 Armour
 + Level 4.4 Dodging
 + Level 4.0 Stealth
 + Level 0.1 Shields
 + Level 0.1 Unarmed Combat
 + Level 4.9 Spellcasting
 + Level 0.1 Conjurations
 + Level 0.1 Hexes
 + Level 0.1 Summonings
 + Level 0.1 Necromancy
 + Level 0.1 Translocations
 + Level 0.1 Transmutations
 + Level 0.1 Fire Magic
 + Level 7.0 Ice Magic
 + Level 0.1 Air Magic
 + Level 0.1 Earth Magic
 + Level 0.1 Poison Magic
 + Level 0.2 Invocations
 + Level 0.1 Evocations


You had 8 spell levels left.
You knew the following spells:

 Your Spells              Type           Power      Damage    Failure   Level
a - Freeze                Ice            92%        1d10      1%          1

Your spell library contained the following spells:

 Spells                   Type           Power      Damage    Failure   Level
 Frozen Ramparts          Ice            46%        1d6       3%          3
 Ozocubu's Armour         Ice            23%        N/A       3%          3
 Hailstorm                Conj/Ice       13%        3d5       38%         4

Inventory:

Hand Weapons
 e - a +0 sling (weapon)
   (You found it on level 1 of the Dungeon)
Missiles
 c - 11 stones {throwing}
Armour
 a - a +0 robe (worn)
Scrolls
 d - 2 scrolls of torment {unknown}
Potions
 b - a potion of magic

Dungeon Overview and Level Annotations

Branches:
Dungeon (1/15) Zot: 5900

Altars:

#.... ##...#
#####+##### ∆
.g..####.........###
#..##.........⌠...##
#..#......#+#...⌠..#
∆
##..'.....##>##.....+
#...S†....##<##.....+
#...#hgh...#'#......#
#h†g##h@.⌠.........##
#.h.####.........###
∆ #...# #####+#####
....... ?.........
.##.†....## #.......#
.........# ........##


You could see 3 jackals, 2 goblins and a ball python.


Message History

The ball python bites you but does no damage.
The ball python barely misses you. The goblin barely misses you.
The jackal barely misses you. The ball python closely misses you.
The ball python misses you.
You shoot a sling bullet. The sling bullet hits the jackal.
The goblin barely misses you. The jackal closely misses you.
The jackal bites you. The ball python bites you. The ball python grabs you.
The ball python constricts you. The goblin hits you with a +0 dagger.
The jackal bites you. 😮 HP[-5]
You take 5 damage, and now have 8/13 hp.
MASSIVE DAMAGE!! (PAUSE) Really attack while wielding your +0 sling? [Y]es or [N]o only, please.
Really attack while wielding your +0 sling?
Okay, then.
Really attack while wielding your +0 sling?
Okay, then.
Casting: Freeze (safe; 1% risk of failure)
Confirm with . or Enter, or press ? or * to list all spells.
Aiming: Freeze (safe; 1% risk of failure)
Press: ? - help, Shift-Dir - straight line, f/p - jackal
Aim: a jackal (almost dead)
You freeze the jackal.
You kill the jackal!
The ball python closely misses you. The ball python constricts you.
The jackal closely misses you. The goblin hits you but does no damage.
The jackal barely misses you. 😮 MP[-1]
You lost 1 mp, and now have 5/6 mp.
You escape the ball python's grasp.
The goblin attacks as you move away! The goblin barely misses you.
The jackal barely misses you.
The jackal bites you but does no damage.
You see here a jackal corpse.
The ball python attacks as you move away!
The ball python bites you.
* * * LOW HITPOINT WARNING * * *
The ball python closely misses you. The jackal misses you.
The jackal closely misses you. 😨 HP[-2]
You take 2 damage, and now have 6/13 hp.
There is a large open door here.
The jackal attacks as you move away! The jackal bites you.
* * * LOW HITPOINT WARNING * * *
😨 HP[-2]
You take 2 damage, and now have 4/13 hp.
You close the large door.
The jackal barely misses you.
Really attack while wielding your +0 sling? [Y]es or [N]o only, please.
Really attack while wielding your +0 sling? [Y]es or [N]o only, please.
Really attack while wielding your +0 sling? [Y]es or [N]o only, please.
Really attack while wielding your +0 sling?
Okay, then.
Fire: e) +0 sling
Press: ? - help, Q - select action, (/) - cycle Shift-Dir - straight line, f - jackal
Aim: a jackal (43% to hit)
You shoot a sling bullet. The sling bullet hits the jackal.
You kill the jackal!
Fire: e) +0 sling
Press: ? - help, Q - select action, (/) - cycle Shift-Dir - straight line, f - you That would be overly suicidal.
Okay, then.
Unknown command.
You start resting. 😨 MP[+1]
Your mp is fully restored (6).
You start resting.
A goblin opens the door.
It is wielding a +0 dagger. 😨 HP[+1] Fire: e) +0 sling
Press: ? - help, Q - select action, (/) - cycle Shift-Dir - straight line, f - jackal
Aim: a jackal (43% to hit)
You shoot a sling bullet. The jackal barks!
The sling bullet hits the jackal.
The jackal misses you. The jackal completely misses you.
Fire: e) +0 sling
Press: ? - help, Q - select action, (/) - cycle Shift-Dir - straight line, f/p - jackal
Aim: a jackal (lightly wounded, 43% to hit)
You shoot a sling bullet. The jackal barks!
The sling bullet hits the jackal.
You hear a shout!
The jackal bites you.
* * * LOW HITPOINT WARNING * * *
The goblin hits you but does no damage.
The jackal bites you but does no damage. 😱 HP[-2]
You take 2 damage, and now have 3/13 hp.
The goblin attacks as you move away! The goblin hits you with a +0 dagger.
* * * LOW HITPOINT WARNING * * *
😱 HP[-1]
You take 1 damage, and now have 2/13 hp.
A goblin comes into view. It is wielding a +0 club.
The jackal bites you but does no damage.
The goblin hits you with a +0 dagger.
You die...

Action                   || total
-------------------------++-------
 Fire: Sling             ||    10
 Cast: Freeze            ||     1
Armor: Robe              ||     6
Dodge: Dodged            ||    22

Levels and vault maps discovered:
D:1:      dpeg_arrival_refuge, layout_rooms, serial_shops, shop,
          minmay_pentomino_z2

Notes
Turn   | Place    | Note
-------+----------+-------------------------------------------
     0 | D:1      | mcwallace the Gnoll Ice Elementalist began the quest for
                  | the Orb.
     0 | D:1      | Reached XP level 1. HP: 13/13 MP: 6/6
     0 | D:1      | magus.rc [v1.9.6]
    93 | D:1      | HP: 3/13 [jackal (2)]
    95 | D:1      | Slain by a goblin

Vanquished Creatures
  A ball python (D:1)
  2 jackals (D:1)
3 creatures vanquished.

Table legend:
 A = Non-vault XP
 B = Vault XP
 C = Vault XP percentage of total XP
 D = Non-vault monster count
 E = Vault monster count
 F = Vault count percentage of total count
                 A         B        C        D         E       F
            +---------+---------+-------+---------+---------+-------
      Total |       6 |       0 |   0.0 |       3 |       0 |   0.0
            +---------+---------+-------+---------+---------+-------
        D:1 |       6 |       0 |   0.0 |       3 |       0 |   0.0
            +---------+---------+-------+---------+---------+-------

Illustrated notes

Table legend:
 A = Kills in this place as a percentage of kills in entire the game.
 B = Kills by you in this place as a percentage of kills by you in the entire game.
 C = Kills by friends in this place as a percentage of kills by friends in the entire game.
 D = Other kills in this place as a percentage of other kills in the entire game.
 E = Experience gained in this place as a percentage of experience gained in the entire game.
 F = Experience gained in this place divided by the number of levels of this place that you have seen.
                   A       B       C       D       E      F
               +-------+-------+-------+-------+-------+----------------------
         Total | 100.0 | 100.0 |   N/A |   N/A | 100.0 |   6.0
       Dungeon | 100.0 | 100.0 |   N/A |   N/A | 100.0 |   6.0
               +-------+-------+-------+-------+-------+----------------------

Table legend: (Time is in decaauts)
 A = Elapsed time spent in this place.
 B = Non-inter-level travel time spent in this place.
 C = Inter-level travel time spent in this place.
 D = Time resting spent in this place.
 E = Time spent auto-exploring this place.
 F = Levels seen in this place.
 G = Mean time per level.
                   A        B        C        D        E       F      G
               +--------+--------+--------+--------+--------+-----+--------+
         Total |     98 |     86 |     12 |     38 |     25 |   1 |   98.0 |
       Dungeon |     98 |     86 |     12 |     38 |     25 |   1 |   98.0 |
               +--------+--------+--------+--------+--------+-----+--------+

Top non-repeatable levels by time:
     D:1: 98 daAuts
